 Dungeon Crawl Stone Soup version 0.29-a0-1006-g0dd7720b37 (webtiles) character file.

Game seed: 17103998492274136255

4411 Heh the Spear-Bearer (level 10, -17/63 HPs)
             Began as an Octopode Fighter on Aug 7, 2022.
             Was an Initiate of Gozag.
             Demolished by a two-headed ogre
             ... wielding a +0 giant club
              (25 damage)
             ... on level 7 of the Dungeon.
             The game lasted 00:08:49 (8431 turns).

Heh the Spear-Bearer (Octopode Fighter)             Turns: 8431, Time: 00:08:50

Health: -17/63     AC:  8    Str: 12    XL:     10   Next: 36%
Magic:  0/10       EV: 14    Int: 13    God:    Gozag
Gold:   377        SH:  6    Dex: 19    Spells: 9/9 levels left

rFire   + . .      SeeInvis +   l - +8 trident "Kilid" {protect, Drain rElec Str-4 Int+2 Dex+4}
rCold   . . .      Faith    .   i - +1 buckler {reflect}
rNeg    . . .      Spirit   +   (helmet restricted)
rPois   .          Reflect  +   w - amulet of guardian spirit
rElec   +          Harm     .   G - ring of see invisible
rCorr   .          Rampage  .   H - ring of protection from fire
Will    .....                   (no ring)
Stlth   +++.......              (no ring)
HPRegen 0.20/turn               (no ring)
MPRegen 0.12/turn               (no ring)
                                (no ring)
                                (no ring)

@: gold aura, under a protective aura
A: almost no armour, amphibious, 8 rings, camouflage 1, gelatinous body 1,
(nimble swimmer 1), tentacles
a: Renounce Religion, Potion Petition, Call Merchant, Bribe Branch


You were on level 7 of the Dungeon.
You worshipped Gozag.
Gozag was aware of your devotion.
You visited 1 branch of the dungeon, and saw 7 of its levels.

You collected 677 gold pieces.
You paid 300 gold pieces to Gozag.

Inventory:

Hand Weapons
 a - a +0 flail
 l - the +8 trident "Kilid" (weapon) {protect, Drain rElec Str-4 Int+2 Dex+4}
   (You found it on level 2 of the Dungeon)

   It grants its wielder temporary protection when it strikes (+7 to AC).
   Str:       It affects your strength (-4).
   Int:       It affects your intelligence (+2).
   Dex:       It affects your dexterity (+4).
   rElec:     It insulates you from electricity.
   Drain:     It drains your maximum health when unequipped.
 K - a +3 halberd of freezing
Missiles
 o - 11 javelins (quivered)
Armour
 b - a +0 buckler
 i - a +1 buckler of reflection (worn)
Jewellery
 w - an amulet of guardian spirit (around mantle)
 C - an amulet of magic regeneration
 G - a ring of see invisible (left tentacle)
 H - a ring of protection from fire (right tentacle)
Wands
 A - a wand of charming (2)
 L - a wand of mindburst (11)
Scrolls
 f - 6 scrolls of identify {unknown}
 g - a scroll of butterflies {unknown}
 h - a scroll of amnesia {unknown}
 j - a scroll of poison {unknown}
 k - 4 scrolls of teleportation {unknown}
 m - 2 scrolls of enchant armour {unknown}
 n - 2 scrolls of noise {unknown}
 q - 3 scrolls of enchant weapon {unknown}
 t - a scroll of torment {unknown}
 x - 2 scrolls of blinking {unknown}
 y - a scroll of immolation {unknown}
 D - a scroll of fear {unknown}
 E - a scroll of vulnerability {unknown}
Potions
 d - a potion of attraction
 e - 2 potions of magic
 p - 2 potions of resistance
 r - a potion of curing
 s - a potion of mutation {unknown}
 u - 4 potions of haste {unknown}
 v - a potion of brilliance {unknown}
 z - 3 potions of ambrosia {unknown}
 B - a potion of degeneration {unknown}
 F - a potion of lignification {unknown}
 I - a potion of flight {unknown}
 J - a potion of berserk rage {unknown}


   Skills:
 + Level 4.0 Fighting
 - Level 2.5 Maces & Flails
 - Level 14.0 Polearms
 + Level 4.0 Dodging
 - Level 3.0 Shields


You had 9 spell levels left.
You didn't know any spells.
Your spell library contained the following spells:

 Spells                   Type           Power      Damage    Failure   Level
 Gell's Gravitas          Tloc           0%         N/A       77%         3
 Lesser Beckoning         Tloc           0%         N/A       77%         3
 Teleport Other           Tloc           0%         N/A       77%         3


Dungeon Overview and Level Annotations

Branches:
Dungeon (7/15)             Temple (0/1) D:5

Altars:
Ashenzari
Cheibriados
Gozag
Okawaru
Qazlal
Sif Muna
Trog
Uskayaw
Vehumet
Wu Jian
The Shining One

Shops:
D:7 (


Innate Abilities, Weirdness & Mutations

You cannot wear most types of armour.
You are amphibious.
You can wear up to eight rings at the same time.
Your skin changes colour to match your surroundings (Stealth+).
Your rubbery body absorbs attacks. (AC +1, EV +1)
((You are camouflaged when in or above water. (Stealth+)))
You have tentacles for arms and can constrict up to eight enemies at once.


Message History

The yak is lightly wounded.
The yak gores you but does no damage.
You puncture the yak!
The yak is heavily wounded.
You hit the yak.
The yak is heavily wounded.
The yak closely misses you.
You barely miss the yak. You squeeze the yak, but do no damage.
The yak is heavily wounded.
You block the yak's attack.
You closely miss the yak. You squeeze the yak.
The yak is heavily wounded.
You hit the yak but do no damage. You squeeze the yak.
The yak is severely wounded.
The yak gores you but does no damage.
You hit the yak. Your squeeze misses the yak.
The yak is severely wounded.
You block the yak's attack.
You puncture the yak!
You kill the yak!
Training target 14.0 for Polearms reached!
Your Polearms skill increases to level 14!
You need to enable at least one skill for training.
You reach to attack!
You puncture the two-headed ogre!
The two-headed ogre is lightly wounded.
You puncture the two-headed ogre! You squeeze the two-headed ogre.
The two-headed ogre is moderately wounded.
The two-headed ogre hits you with a +0 giant club!!
You block the two-headed ogre's attack.
You puncture the two-headed ogre! You squeeze the two-headed ogre!
The two-headed ogre is severely wounded.
You hit the two-headed ogre.
The two-headed ogre is severely wounded.
You puncture the two-headed ogre! You squeeze the two-headed ogre.
The two-headed ogre is almost dead.
The two-headed ogre hits you with a +0 giant club!!
* * * LOW HITPOINT WARNING * * *
The two-headed ogre hits you with a +0 giant club!!
You die...
Your body crumbles into a pile of gold.

....# ♣♣.....♣♣ ♣.♣
#...... #####
##♣.♣## ### #.#.##.
♣.♣♣ ♣♣.♣
♣♣.♣♣#<#.##. .~.♣#
♣♣..♣♣
#♣.♣.♣#.#.##. ~~~.#
♣♣....♣♣
#.♣♣♣.#.#.##. .~.♣#
♣♣..♣♣.)♣♣
#♣.♣.♣#.#.##. ♣.♣♣
♣♣..♣♣♣♣(.♣♣
♣♣.♣♣#.#....
.#.♣#♣♣..♣# ♣♣..♣♣
♣#.#♣#.#....
~~~.#♣..♣#
♣♣@O♣♣##.#.##.#.##.
~~~[...♣♣
♣♣$....#8#.#.#.##.
~~~[#..♣♣.
♣♣..♣##.#.##.#.##.
.#.♣#♣..♣♣C ♣♣..♣♣
♣#.#♣#.#.##. ♣.♣♣
♣♣..♣♣O♣♣♣..♣♣ ♣.♣
#.#.##. .~.♣#
♣♣[.♣♣.$..♣♣ .♣.
#.#.##. ~~~.#
♣♣..♣♣$.♣♣ .♣
♣B#.#.##. .~.♣#
♣♣..♣♣♣♣ #♣
♣#...... ♣.♣♣ ♣♣..♣
###.##.


You could see a two-headed ogre.

Vanquished Creatures
  An ugly thing (D:7)
  A cyclops (D:7)
  2 hornets (D:7)
  3 wraiths (D:7)
  A vampire (D:7)
  A yak (D:7)
  A basilisk (D:7)
  Menkaure (D:5)
  A steam dragon (D:6)
  A water moccasin (D:7)
  2 orc warriors
  2 black bears
  An ice beast (D:7)
  A centaur (D:7)
  4 ogres
  A kobold brigand (D:6)
  A bullfrog (D:6)
  3 scorpions
  3 wights (D:7)
  3 jellies
  5 hounds
  3 orc priests
  2 iguanas
  5 orc wizards
  Robin (D:2)
  6 adders
  A white imp (D:5)
  2 ufetubi
  A worm (D:2)
  2 dart slugs
  22 orcs
  10 endoplasms
  2 giant cockroaches
  20 goblins
  8 hobgoblins
  3 jackals (D:4)
  4 quokkas
  3 ball pythons
  7 bats
  5 frilled lizards
  9 kobolds
  2 rats (D:1)
157 creatures vanquished.

Vanquished Creatures (others)
  4 plants (D:7)
4 creatures vanquished.

Grand Total: 161 creatures vanquished

Notes
Turn   | Place    | Note
-------+----------+-------------------------------------------
     0 | D:1      | Heh the Octopode Fighter began the quest for the Orb.
     0 | D:1      | Reached XP level 1. HP: 16/16 MP: 1/1
    14 | D:1      | You fall into a shaft and drop 1 floor!
   184 | D:1      | Reached XP level 2. HP: 20/21 MP: 2/2
   617 | D:1      | Reached XP level 3. HP: 26/26 MP: 3/3
  1194 | D:2      | Identified the +8 trident "Kilid" {protect, Drain rElec
                  | Str-4 Int+2 Dex+4}
  1316 | D:2      | Noticed Robin
  1329 | D:2      | Killed Robin
  1330 | D:2      | Reached skill level 1 in Polearms
  1330 | D:2      | Reached XP level 4. HP: 24/33 MP: 4/4
  1505 | D:2      | Found a faded altar of an unknown god.
  1761 | D:3      | Reached skill level 2 in Polearms
  1766 | D:3      | Reached XP level 5. HP: 37/37 MP: 5/5
  2174 | D:3      | Found a glowing golden altar of the Shining One.
  2184 | D:3      | Found a hide-covered altar of Uskayaw.
  2235 | D:4      | Reached skill level 3 in Polearms
  2370 | D:4      | Reached XP level 6. HP: 42/43 MP: 6/6
  2384 | D:4      | Reached skill level 4 in Polearms
  3035 | D:5      | Entered Level 5 of the Dungeon
  3112 | D:5      | Reached skill level 5 in Polearms
  3112 | D:5      | Reached XP level 7. HP: 48/48 MP: 7/7
  3205 | D:5      | Found a staircase to the Ecumenical Temple.
  3226 | D:5      | Noticed Menkaure
  3230 | D:5      | Killed Menkaure
  3231 | D:5      | Reached skill level 6 in Polearms
  3481 | D:5      | Found an opulent altar of Gozag.
  3938 | D:5      | Reached skill level 7 in Polearms
  4008 | D:5      | Became a worshipper of Gozag Ym Sagoz the Greedy
  4344 | D:6      | Reached XP level 8. HP: 36/54 MP: 8/8
  4477 | D:6      | Reached skill level 8 in Polearms
  4793 | D:6      | Found a radiant altar of Vehumet.
  4987 | D:6      | Reached skill level 9 in Polearms
  5437 | D:6      | Found an iron altar of Okawaru.
  5493 | D:6      | Found a stormy altar of Qazlal.
  5643 | D:7      | Found Byil's Weapon Shop.
  5674 | D:7      | Reached skill level 10 in Polearms
  5677 | D:7      | Reached XP level 9. HP: 37/58 MP: 5/9
  5831 | D:7      | Noticed a hornet
  5835 | D:7      | Killed a hornet
  5868 | D:7      | Reached skill level 11 in Polearms
  6554 | D:7      | Found a shimmering blue altar of Sif Muna.
  6558 | D:7      | Found a broken altar of Ashenzari.
  6558 | D:7      | Found a snail-covered altar of Cheibriados.
  6558 | D:7      | Found an ornate altar of the Wu Jian Council.
  6568 | D:7      | Reached skill level 12 in Polearms
  6958 | D:7      | Found a bloodstained altar of Trog.
  7110 | D:7      | Noticed a hornet
  7114 | D:7      | Killed a hornet
  7242 | D:7      | Noticed a boulder beetle
  7264 | D:7      | Reached skill level 13 in Polearms
  7264 | D:7      | Reached XP level 10. HP: 28/63 MP: 1/10
  7269 | D:7      | Noticed a cyclops
  7547 | D:7      | HP: 1/63 [boulder beetle (21)]
  8078 | D:7      | Noticed a two-headed ogre
  8119 | D:7      | Killed a cyclops
  8339 | D:7      | Noticed a cyan ugly thing
  8359 | D:7      | Killed a cyan ugly thing
  8427 | D:7      | Reached skill level 14 in Polearms
  8431 | D:7      | Demolished by a two-headed ogre

Illustrated notes

Levels and vault maps discovered:
D:1:      dpeg_arrival_long_road, layout_basic
D:2:      layout_basic, shapermc_ecumenical_altar_petra, uniq_robin
D:3:      layout_basic, minitemple
D:4:      layout_basic
D:5:      layout_loops_corners, mainiacjoe_overflow_six_doors_small,
          temple_doors_cd, minmay_strange_pillars,
          hangedman_abyss_or_decor_jellyfish_corner, uniq_menkaure
D:6:      layout_basic, okawaru_altar_gauntlet_db,
          lemuel_coloured_pillars_altar, fiery_altar_vehumet,
          serial_bayou_crossing
D:7:      nzn_winding_woodlands_large [nzn_winding_woodlands_5x5_closed_star,
          nzn_winding_woodlands_5x15_zeroes, nzn_winding_woodlands_hourglass,
          nzn_winding_woodlands_center_triple_pond,
          nzn_winding_woodlands_15x15_thick_spiral,
          nzn_winding_woodlands_center_diamonds,
          nzn_winding_woodlands_5x5_perimeter,
          nzn_winding_woodlands_5x15_garden, nzn_winding_woodlands_5x5_cross],
          layout_basic, nicolae_overflow_crystal_walls,
          grunt_temple_overflow_open, enter_ossuary_5, serial_shops,
          shop_fountains

Skill      XL: |  1  2  3  4  5  6  7  8  9 10 |
---------------+-------------------------------+-----
Polearms       | 1 2 3 5 7 10 13 14 | 14.0
Fighting       | 4 |  4.0
Dodging        | 4 |  4.0
Maces & Flails | |  2.5
Shields        | |  3.0

Action                   |  1- 3 |  4- 6 |  7- 9 | 10-12 || total
-------------------------+-------+-------+-------+-------++-------
Melee: Flail             |    47 |       |       |       ||    47
       Constrict         |    10 |    15 |    21 |     3 ||    49
       Punch             |     2 |       |     3 |     1 ||     6
       Tentacles         |     7 |    11 |    38 |    20 ||    76
       Trident           |    26 |    83 |   188 |    51 ||   348
Throw: Javelin           |       |       |     1 |       ||     1
Invok: Potion Petition   |       |       |       |     1 ||     1
Evoke: Wand              |       |       |       |     5 ||     5
  Use: Potion            |       |     1 |     3 |     5 ||     9
 Stab: Sleeping          |     7 |     6 |    14 |       ||    27
       Distracted        |       |     1 |     1 |       ||     2
Armor: Skin              |     9 |    15 |    21 |     4 ||    49
Dodge: Dodged            |    50 |    50 |    68 |    12 ||   180
Block: Buckler           |    14 |    10 |    16 |     6 ||    46

Table legend: (Time is in decaauts)
 A = Elapsed time spent in this place.
 B = Non-inter-level travel time spent in this place.
 C = Inter-level travel time spent in this place.
 D = Time resting spent in this place.
 E = Time spent auto-exploring this place.
 F = Levels seen in this place.
 G = Mean time per level.
                   A        B        C        D        E       F      G
               +--------+--------+--------+--------+--------+-----+--------+
         Total |   8438 |   8098 |    340 |    254 |   6790 |   7 | 1205.4 |
       Dungeon |   8438 |   8098 |    340 |    254 |   6790 |   7 | 1205.4 |
               +--------+--------+--------+--------+--------+-----+--------+

Top non-repeatable levels by time:
     D:7: 2530 daAuts
     D:6: 1539 daAuts
     D:5: 1295 daAuts
     D:1: 1037 daAuts
     D:4: 826 daAuts
     D:2: 741 daAuts
     D:3: 467 daAuts
